 Dungeon Crawl Stone Soup version 0.19.1-1-g22dce08 (webtiles) character file.

2006 Alarkh the Cleaver (level 9, 64/64 HPs)
             Began as a Demonspawn Monk on Jan 4, 2017.
             Was an Elder of Okawaru.
             Quit the game on level 6 of the Dungeon.
             The game lasted 00:09:45 (7064 turns).

Alarkh the Cleaver (Demonspawn Monk)                Turns: 7064, Time: 00:09:46

Health: 64/64      AC:  7    Str:  7    XL:     9   Next: 2%
Magic:  10/10      EV: 13    Int: 14    God:    Okawaru [****..]
Gold:   416        SH:  0    Dex: 16    Spells: 0 memorised, 8 levels left

rFire  + . .     SeeInvis +     a - +1 war axe (elec)
rCold  + . .     Gourm    .     b - +0 robe
rNeg   . . .     Faith    .     (no shield)
rPois  .         Spirit   .     (helmet restricted)
rElec  +         Reflect  .     o - +0 cloak
rCorr  .         Harm     .     r - +1 pair of gloves
MR     .....                    (no boots)
Stlth  ++........               (no amulet)
                                n - ring of see invisible
                                G - ring "Wonet" {rElec rF+ rC+ Str-5}

@: no status effects
A: antennae 2, iridescent scales 1, demonic guardian 1, powered by death 1
a: Heroism, Renounce Religion


You were on level 6 of the Dungeon.
You worshipped Okawaru.
Okawaru was greatly pleased with you.
You were not hungry.

You visited 2 branches of the dungeon, and saw 7 of its levels.

You collected 416 gold pieces.

Inventory:

Hand Weapons
 a - a +1 war axe of electrocution (weapon)
 j - a +0 hand axe of electrocution
 k - a +0 hand axe
Armour
 b - a +0 robe (worn)
 o - a +0 cloak (worn)
 r - a +1 pair of gloves (worn)
Jewellery
 g - an uncursed ring of magical power
 n - a ring of see invisible (right hand)
 G - the ring "Wonet" (left hand) {rElec rF+ rC+ Str-5}
   (You found it on level 5 of the Dungeon)

   [ring of protection from fire]

   It affects your strength (-5).
   It protects you from fire.
   It protects you from cold.
   It insulates you from electricity.
Wands
 s - a wand of flame (12/48)
 v - a wand of confusion (17/48)
 D - a wand of iceblast (10/15)
Scrolls
 e - a scroll of identify
 h - a scroll of noise
 l - a scroll of blinking {unknown}
 u - 2 scrolls of remove curse
 y - 2 scrolls of teleportation
 z - a scroll of fear {unknown}
 C - a scroll of amnesia
 H - a scroll of enchant weapon {unknown}
 L - a scroll of recharging {unknown}
Potions
 d - a potion of cancellation
 f - 2 potions of ambrosia
 m - 2 potions of heal wounds
 t - a potion of flight
 x - a potion of haste
 B - 2 potions of lignification
 K - a potion of brilliance {unknown}
Books
 i - a book of Cantrips

   Spells                             Type                      Level
   a - Confusing Touch                Hexes                        1
   b - Animate Skeleton               Necromancy                   1
   c - Summon Small Mammal            Summoning                    1
   d - Apportation                    Translocation                1
 F - a book of Misfortune

   Spells                             Type                      Level
   a - Confusing Touch                Hexes                        1
   b - Confuse                        Hexes                        3
   c - Gell's Gravitas                Hexes/Translocation          3
   d - Petrify                        Transmutation/Earth          4
   e - Metabolic Englaciation         Hexes/Ice                    5
   f - Yara's Violent Unravelling     Hexes/Transmutation          5
 I - a book of Callings

   Spells                             Type                      Level
   a - Summon Small Mammal            Summoning                    1
   b - Call Imp                       Summoning                    2
   c - Call Canine Familiar           Summoning                    3
   d - Summon Guardian Golem          Hexes/Summoning              3
   e - Summon Lightning Spire         Summoning/Air                4
   f - Summon Ice Beast               Ice/Summoning                4
Comestibles
 c - 5 bread rations
 p - a meat ration
 q - a royal jelly
 w - 6 fruits
 A - 2 slices of pizza
 E - 4 beef jerkies
 J - 6 chunks of flesh


   Skills:
 + Level 3.4 Fighting
 * Level 10.6 Axes
 + Level 1.2 Armour
 + Level 3.1 Dodging
 - Level 1.7 Stealth
 + Level 2.2 Invocations


You had 8 spell levels left.
You didn't know any spells.

Dungeon Overview and Level Annotations

Branches:
Dungeon (6/15)             Temple (1/1) D:4

Altars:
Dithmenos
Elyvilon
Fedhas
Gozag
Makhleb
Okawaru
Qazlal
Ru
Sif Muna
Trog
Uskayaw
Vehumet
Yredelemnul
Zin
The Shining One


Innate Abilities, Weirdness & Mutations

You have a pair of antennae on your head.
You are partially covered in iridescent scales. (AC +2)
A weak demonic guardian rushes to your aid.
You regenerate a little health from kills.


Message History

The ice beast is lightly wounded.
The ice beast hits you but does no damage.
You slash the ice beast!
There is a sudden explosion of sparks!
The ice beast is almost dead.
The ice beast misses you.
You hit the ice beast.
You kill the ice beast!
Okawaru accepts your kill.
You have reached level 9!
Your experience leads to an increase in your attributes!
Your base attributes are Str 12, Int 13, Dex 16.
Increase (S)trength, (I)ntelligence, or (D)exterity?
You feel clever.
Your demonic ancestry asserts itself...
A wave of death washes over you.
(D) Dungeon (T) Temple
Where to? (Enter - D:6, ? - help)
Okay, then.
Are you sure you want to abandon this character and quit the game? (Confirm with "yes".)
Okay, then.
Are you sure you want to abandon this character and quit the game? (Confirm with "yes".)

#..................#
#.#
##.....####.######.#
#.# ### ##...## #.#
#.# ####.#
..########.######.#
#.# #....#
....#.............#
#.# #.####
#.#.#.#############
#.# #.# #.#.#.##
#########.# #.#
.......##
#.5.......# #.#
........######
#@######### #.#
#.#..........# #.#
#.# #.####..####.#
#.# #.# #.# #..# #.#
#.# #.# ..####..#
#.# #.# ##.####
#.##....# #.# #.#
#...... #.##.#.##
#.# #.# #..####
#.##.#.# #.# #.#
#..## #.##.#.# #.# {
#...###


You could see a friendly iron imp.

Vanquished Creatures
  Sigmund (D:5)
  Menkaure (D:5)
  An orc warrior (D:5)
  3 ice beasts (D:6)
  2 black bears (D:6)
  2 centaurs
  A scorpion (D:6)
  A howler monkey (D:5)
  2 crimson imps (D:5)
  3 hounds (D:4)
  2 orc priests
  3 iguanas
  9 orc wizards
  A statue (D:4)
  2 worker ants (D:4)
  2 hound skeletons
  A worker ant zombie (D:6)
  4 gnolls (D:6)
  13 adders
  3 oozes
  An adder zombie (D:5)
  2 worms
  2 dart slugs (D:3)
  3 leopard geckos
  14 orcs
  6 giant cockroaches
  7 goblins
  3 hobgoblins (D:1)
  3 jackals (D:2)
  A quokka (D:4)
  3 ball pythons
  9 bats
  3 frilled lizards
  6 kobolds
  A leopard gecko zombie (D:6)
  A quokka skeleton (D:4)
  10 rats
132 creatures vanquished.

Vanquished Creatures (collateral kills)
  An ogre (D:4)
  An orc priest (D:3)
  An iguana (D:4)
  An orc (D:3)
4 creatures vanquished.

Grand Total: 136 creatures vanquished

Notes
Turn   | Place    | Note
-------+----------+-------------------------------------------
     0 | D:1      | Alarkh the Demonspawn Monk began the quest for the Orb.
     0 | D:1      | Reached XP level 1. HP: 18/18 MP: 1/1
    15 | D:1      | Reached skill level 3 in Axes
    44 | D:1      | Gained mutation: You have a pair of small antennae on your head. [demonic ancestry]
    44 | D:1      | Reached XP level 2. HP: 15/24 MP: 2/2
   567 | D:1      | Reached XP level 3. HP: 28/29 MP: 3/3
   992 | D:2      | Reached skill level 4 in Axes
  1371 | D:2      | Gained mutation: You are partially covered in iridescent scales. (AC +2) [demonic ancestry]
  1371 | D:2      | Reached XP level 4. HP: 35/35 MP: 4/4
  2015 | D:3      | Noticed a centaur
  2034 | D:3      | Killed a centaur
  2034 | D:3      | Reached skill level 5 in Axes
  2034 | D:3      | Gained mutation: A weak demonic guardian rushes to your aid. [demonic ancestry]
  2034 | D:3      | Reached XP level 5. HP: 17/41 MP: 5/5
  2214 | D:3      | Found a hide-covered altar of Uskayaw.
  2554 | D:3      | Reached skill level 6 in Axes
  2938 | D:4      | Reached XP level 6. HP: 6/47 MP: 6/6
  3665 | D:4      | Found a staircase to the Ecumenical Temple.
  3686 | Temple   | Entered the Ecumenical Temple
  3910 | Temple   | Became a worshipper of Warmaster Okawaru
  3910 | Temple   | Reached * piety under Okawaru
  3910 | Temple   | Reached ** piety under Okawaru
  4108 | D:4      | Reached skill level 7 in Axes
  4158 | D:4      | Found a radiant altar of Vehumet.
  4218 | D:4      | Reached XP level 7. HP: 29/52 MP: 7/7
  4686 | D:5      | Entered Level 5 of the Dungeon
  4853 | D:5      | Reached skill level 8 in Axes
  5077 | D:5      | Noticed Sigmund
  5081 | D:5      | Killed Sigmund
  5110 | D:5      | Reached *** piety under Okawaru
  5163 | D:5      | Noticed Menkaure
  5171 | D:5      | Killed Menkaure
  5171 | D:5      | Reached skill level 9 in Axes
  5171 | D:5      | Gained mutation: You have a pair of antennae on your head. [demonic ancestry]
  5171 | D:5      | Reached XP level 8. HP: 35/58 MP: 8/8
  5343 | D:5      | Got a crude ivory ring
  5345 | D:5      | Identified the ring "Wonet" {rElec rF+ rC+ Str-5} (You found it on level 5 of the Dungeon)
  6064 | D:6      | Found a shadowy altar of Dithmenos.
  6521 | D:6      | Reached skill level 10 in Axes
  6746 | D:6      | Reached skill level 1 in Invocations
  6749 | D:6      | Reached **** piety under Okawaru
  6929 | D:6      | Found a deep blue altar of Sif Muna.
  6932 | D:6      | Reached skill level 1 in Armour
  7063 | D:6      | Gained mutation: You regenerate a little health from kills. [demonic ancestry]
  7063 | D:6      | Reached XP level 9. HP: 64/64 MP: 10/10
  7064 | D:6      | Quit the game

Skill      XL: |  1  2  3  4  5  6  7  8 |
---------------+-------------------------+-----
Axes           | 3 4 5 6 7 9 10 | 10.6
Invocations    | 2 |  2.2
Armour         | 1 |  1.2
Dodging        | 3 |  3.1
Fighting       | |  3.4
Stealth        | |  1.7

Action                   |  1- 3 |  4- 6 |  7- 9 || total
-------------------------+-------+-------+-------++-------
Melee: Hand axe          |   118 |   118 |       ||   236
       War axe           |       |    85 |   172 ||   257
Evoke: Wand              |     3 |     3 |     5 ||    11
  Use: Scroll            |     2 |     6 |     4 ||    12
 Stab: Sleeping          |     4 |     1 |     5 ||    10
       Confused          |     1 |     3 |     1 ||     5
       Distracted        |       |     2 |     1 ||     3
  Eat: Chunk             |     2 |     9 |     9 ||    20
Armor: Robe              |    24 |    18 |    39 ||    81
       Plate armour      |       |   125 |       ||   125
Dodge: Dodged            |   103 |    94 |    94 ||   291
